 Dungeon Sprint DCSS version 0.15-a0-2144-g51de978 (webtiles) character file.

1164 BluebellGnoll the Covert (level 8, 10/36 HPs)
             Began as a Spriggan Enchanter on July 18, 2014.
             Was a Follower of Okawaru.
             Quit the game in the Dungeon (Sprint IV: "Fedhas' Mad Dash").
             The game lasted 00:04:15 (975 turns).

BluebellGnoll the Covert (Spriggan Enchanter)        Turns: 975, Time: 00:04:15

HP  10/36        AC  3     Str  4      XL: 8   Next: 17%
MP  15/27        EV 29     Int 18      God: Okawaru [*.....]
Gold 140         SH  0     Dex 17      Spells:  6 memorised,  9 levels left

rFire  . . .     SeeInvis +     a - +1 dagger
rCold  . . .     Clarity  .     b - +1 robe
rNeg   . . .     rCorr    .     (shield restricted)
rPois  .         rRot     .     (helmet restricted)
rElec  .         Spirit   .     (no cloak)
SustAb .         Warding  .     (gloves unavailable)
rMut   .         NoTele   +     (boots unavailable)
Gourm  .                        (no amulet)
MR     +....                    (no ring)
                                k - ring of invisibility

@: very quick, somewhat resistant to hostile enchantments, extremely stealthy
A: unfitting armour, see invisible, herbivore 3, speed 3, slow metabolism 2
a: Heroism, Renounce Religion, Evoke Invisibility


You were in the Dungeon.
You worshipped Okawaru.
Okawaru was aware of your devotion.
You were not hungry.

You visited 1 branch You collected 140 gold pieces.

Inventory:

Hand weapons
 a - a +1 dagger (weapon)
Armour
 b - a +1 robe (worn)
Comestibles
 m - 3 royal jellies
Scrolls
 j - a scroll of blinking
 l - 2 scrolls of identify {unknown}
Jewellery
 k - a ring of invisibility (left hand)
Potions
 d - a potion of porridge
 e - a potion of curing
 f - a potion of heal wounds
 g - a potion of haste
 h - 2 potions of magic
 i - a potion of berserk rage
Books
 c - a book of Maledictions

   Spells                             Type                      Level
   *Corona                            Hexes                        1
   *Sure Blade                        Hexes/Charms                 2
   *Ensorcelled Hibernation           Hexes/Ice                    2
   *Confuse                           Hexes                        3
   *Dazzling Spray                    Conjuration/Hexes            3
   *Enslavement                       Hexes                        4
 n - a book of the Earth

   Spells                             Type                      Level
   Leda's Liquefaction                Hexes/Earth                  4
   Bolt of Magma                      Conjuration/Fire/Earth       5
   Statue Form                        Transmutation/Earth          6
   Iron Shot                          Conjuration/Earth            6
   Shatter                            Earth                        9


   Skills:
 - Level 5.8 Short Blades
 - Level 13.2 Dodging
 + Level 14.9 Stealth
 * Level 8.7 Spellcasting
 - Level 10.3 Hexes


You had 9 spell levels left.
You knew the following spells:

 Your Spells              Type           Power        Failure   Level  Hunger
a - Corona                Hex            #####..      1%          1    None
b - Ensorcelled Hibernat  Hex/Ice        ####..       1%          2    None
c - Confuse               Hex            #####...     1%          3    #......
d - Sure Blade            Hex/Chrm       ####......   1%          2    None
e - Dazzling Spray        Conj/Hex       ####....     3%          3    #......
f - Enslavement           Hex            #####...     1%          4    ###....


Dungeon Overview and Level Annotations

Branches:
Dungeon (1/1)

Altars:
Cheibriados
Dithmenos
Elyvilon
Gozag
Kikubaaqudgha
Makhleb
Nemelex Xobeh
Okawaru
Qazlal
Sif Muna
Trog
Vehumet
Xom
Yredelemnul
Zin
The Shining One
Beogh
Jiyva
Lugonu

Annotations:
D exclusions: oklob plant and oklob sapling


Innate Abilities, Weirdness & Mutations

You are tiny and cannot use many weapons and most armour.
You have supernaturally acute eyesight.
You are a herbivore.
You cover ground extremely quickly.
You need consume almost no food.


Message History

The spray of energy hits the burning bush.
The burning bush is lightly damaged.
The spray of energy hits the wandering mushroom.
The wandering mushroom is heavily damaged.
The burning bush throws fire at you. The puff of flame misses you.
Casting: Dazzling Spray
Confirm with . or Enter, or press ? or * to list all spells.
Aiming: Dazzling Spray
Press: ? - help, Shift-Dir - straight line, f/p - burning bush
Aim: a burning bush (lightly damaged)
The spray of energy hits the burning bush.
The burning bush is lightly damaged.
The spray of energy hits the wandering mushroom.
The wandering mushroom is severely damaged.
The burning bush throws fire at you. The puff of flame hits you!
* * * LOW HITPOINT WARNING * * *
Unknown command.
Are you sure you want to abandon this character and quit the game? (Confirm with "yes".)

########################
#<..P#.....#.....#.⌠....
#PP..'.....'.#)..'._._._
#PPPP#.....#.#...#_._._.
###############'##._._._
#...♣........'...#.⌠....
#......♣.....#...#######
#.....♣..♣..######
##'####@######P}+
#(.#....'.......#
#..#..###P.f.P..#
####### #######


You could see an oklob plant, a wandering mushroom and a burning bush.

Vanquished Creatures
  An oklob plant (D)
  A queen bee (D)
  A burning bush (D)
  4 killer bees (D)
  3 oklob saplings (D)
  A worker ant (D)
  A green rat (D)
  A rat (D)
13 creatures vanquished.

Notes
Turn   | Place    | Note
--------------------------------------------------------------
     0 | D        | BluebellGnoll, the Spriggan Enchanter, began the quest for the Orb.
     0 | D        | Reached XP level 1. HP: 9/9 MP: 4/4
     8 | D        | Reached skill level 7 in Stealth
     8 | D        | Reached XP level 2. HP: 13/13 MP: 7/7
    10 | D        | Reached skill level 8 in Stealth
    16 | D        | Noticed an oklob sapling
    18 | D        | Killed an oklob sapling
    18 | D        | Reached skill level 10 in Stealth
    18 | D        | Reached XP level 3. HP: 16/16 MP: 9/9
    22 | D        | Learned a level 2 spell: Ensorcelled Hibernation
    26 | D        | Learned a level 3 spell: Confuse
    27 | D        | Noticed a worker ant
    29 | D        | Killed a worker ant
    29 | D        | Reached skill level 12 in Stealth
    45 | D        | Found a snail-covered altar of Cheibriados.
    45 | D        | Found a glowing silver altar of Zin.
    45 | D        | Found a white marble altar of Elyvilon.
    45 | D        | Found a viscous altar of Jiyva.
    45 | D        | Found a radiant altar of Vehumet.
    45 | D        | Found a deep blue altar of Sif Muna.
    45 | D        | Found an ancient bone altar of Kikubaaqudgha.
    45 | D        | Found a bloodstained altar of Trog.
    45 | D        | Found a corrupted altar of Lugonu.
    45 | D        | Noticed an oklob sapling priest
    46 | D        | Found a glowing golden altar of the Shining One.
    46 | D        | Found a burning altar of Makhleb.
    47 | D        | Found a shadowy altar of Dithmenos.
    47 | D        | Found a sparkling altar of Nemelex Xobeh.
    48 | D        | Found an iron altar of Okawaru.
    49 | D        | Found an opulent altar of Gozag.
    49 | D        | Found a shimmering altar of Xom.
    50 | D        | Found a basalt altar of Yredelemnul.
    51 | D        | Found a stormy altar of Qazlal.
    51 | D        | Found a roughly hewn altar of Beogh.
    52 | D        | Killed an oklob sapling priest
    52 | D        | Reached skill level 14 in Stealth
    52 | D        | Reached XP level 4. HP: 21/21 MP: 9/12
    59 | D        | Noticed an oklob sapling
    62 | D        | Killed an oklob sapling
    76 | D        | Became a worshipper of Warmaster Okawaru
   112 | D        | Noticed a queen bee
   113 | D        | Noticed a killer bee
   114 | D        | Noticed a killer bee
   116 | D        | Noticed a killer bee
   116 | D        | Noticed a killer bee
   120 | D        | Killed a killer bee
   120 | D        | Reached skill level 5 in Hexes
   120 | D        | Reached XP level 5. HP: 24/24 MP: 12/18
   121 | D        | Killed a killer bee
   121 | D        | Reached skill level 5 in Spellcasting
   122 | D        | Killed a queen bee
   122 | D        | Acquired Okawaru's first power
   122 | D        | Reached skill level 10 in Hexes
   122 | D        | Reached XP level 6. HP: 28/28 MP: 14/25
   124 | D        | Killed a killer bee
   124 | D        | Reached skill level 5 in Dodging
   125 | D        | Killed a killer bee
   125 | D        | Reached XP level 7. HP: 32/32 MP: 14/26
   127 | D        | Noticed an oklob plant
   130 | D        | Killed an oklob plant
   148 | D        | Noticed a burning bush
   151 | D        | Killed a burning bush
   151 | D        | Reached skill level 5 in Short Blades
   151 | D        | Reached XP level 8. HP: 36/36 MP: 18/27
   164 | D        | Learned a level 2 spell: Sure Blade
   169 | D        | Learned a level 4 spell: Enslavement
   173 | D        | Learned a level 3 spell: Dazzling Spray
   297 | D        | Noticed an oklob sapling
   297 | D        | Noticed a wandering mushroom
   297 | D        | Noticed a burning bush
   297 | D        | Noticed an oklob plant
   975 | D        | Quit the game

Action                   |  1- 3 |  4- 6 |  7- 9 || total
-------------------------+-------+-------+-------++-------
Melee: Dagger            |     6 |     6 |    11 ||    23
 Cast: Enslavement       |       |       |     5 ||     5
       Dazzling Spray    |       |       |     4 ||     4
       Sure Blade        |       |       |     1 ||     1
 Abil: Evoke Invisibilit |     1 |     1 |     1 ||     3
 Stab: Sleeping          |     4 |     6 |     2 ||    12
